 Dungeon Crawl Stone Soup version 0.31-a0-426-g3a05650e59 (webtiles) character file.

Game seed: 6561338532778012440

63277 Ofeo the Spry (level 14, -14/121 HPs)
             Began as a Demonspawn Shapeshifter on July 30, 2023.
             Was a High Priest of Wu Jian.
             Demolished by Saint Roka
             ... wielding a +0 war axe of freezing
              (24 damage)
             ... on level 2 of the Orcish Mines.
             The game lasted 00:36:42 (22653 turns).

Ofeo the Spry (Demonspawn Shapeshifter)            Turns: 22653, Time: 00:36:43

Health: -14/121    AC: 10    Str: 21    XL:     14   Next: 67%
Magic:  0/22       EV: 19    Int:  9    God:    Wu Jian [*****.]
Gold:   2196       SH:  0    Dex: 14    Spells: 20/24 levels left

rFire   + +          .
                       - Unarmed
rCold   x x .        (no shield)
rNeg    . . .        G - +3 salamander hide armour {Flames, rFlCloud rF++ rC--}
rPois   .            (helmet currently unavailable)
rElec   .            (cloak unavailable)
rCorr   .            (gloves unavailable)
SInv    .            (boots currently unavailable)
Will    +....        y - amulet of guardian spirit
Stlth   +++          x - +4 ring of protection
HPRegen 0.40/turn    f - +4 ring of slaying
MPRegen 0.18/turn

%: guardian spirit
@: exhausted, beast-form
A: beast (slay +7), antennae 1, powered by pain 2, demonic magic 2, weakness
stinger 3, demonic touch 3
a: Begin Untransformation, Renounce Religion, Wall Jump, Serpent's Lash,
Heavenly Storm


You were on level 2 of the Orcish Mines.
You worshipped Wu Jian.
Wu Jian was extremely pleased with you.
You were a hulking beast.
You visited 4 branches of the dungeon, and saw 20 of its levels.
You also visited: Bailey and Gauntlet.

You collected 3352 gold pieces.
You spent 1156 gold pieces at shops.

Inventory:

Missiles
 S - 13 javelins
Armour
 a - a +5 scale mail
 E - +0 swamp dragon scales
 G - the +3 salamander hide armour (worn) {Flames, rFlCloud rF++ rC--}
   (You bought it in a shop on level 8 of the Dungeon)

   Flames:    It surrounds you with flame clouds and enhances your fire magic.
   rFlCloud:  It grants immunity to flame clouds.
   rF:        It greatly protects you from fire.
   rC:        It makes you very vulnerable to cold.
Jewellery
 f - a +4 ring of slaying (right hand)
 t - a ring of ice
 w - a +6 ring of strength
 x - a +4 ring of protection (left hand)
 y - an amulet of guardian spirit (around neck)
 B - a ring of poison resistance
 F - a ring of protection from cold
Talismans
 c - a beast talisman (active)
 g - a granite talisman
Wands
 n - a wand of digging (28) {@v1}
 D - a wand of iceblast (28) {@v4}
 M - a wand of mindburst (10)
 T - a wand of flame (2)
 W - a wand of charming (5)
Scrolls
 d - 5 scrolls of amnesia
 i - 7 scrolls of identify {@r1}
 j - 9 scrolls of teleportation {@r3}
 o - 2 scrolls of fog
 p - 2 scrolls of summoning
 r - 2 scrolls of brand weapon
 s - a scroll of silence
 v - 2 scrolls of revelation
 A - a scroll of blinking {@r4}
 H - 3 scrolls of enchant weapon
 I - 3 scrolls of fear
 K - a scroll of immolation
 O - a scroll of poison
 Q - a scroll of enchant armour
Potions
 b - 7 potions of lignification
 e - 2 potions of degeneration
 h - 4 potions of heal wounds {@q2}
 k - a potion of magic
 l - 3 potions of resistance {@q6}
 m - 4 potions of attraction
 q - 6 potions of curing {@q1}
 u - 3 potions of enlightenment
 z - 4 potions of brilliance
 C - 4 potions of mutation
 P - 2 potions of ambrosia
 U - 2 potions of haste {@q3}
 V - 2 potions of berserk rage
Miscellaneous
 J - a phantom mirror
 N - a phial of floods


   Skills:
 + Level 14.4 Fighting
 + Level 15.2 Dodging
 + Level 6.2 Stealth
 - Level 3.7 Unarmed Combat
 + Level 5.8 Spellcasting
 + Level 5.8 Fire Magic
 - Level 10.3 Shapeshifting


You had 20 spell levels left.
You knew the following spells:

 Your Spells              Type           Power      Damage    Failure   Level
a - Foxfire               Conj/Fire      44%        2x1d6     8%          1
b - Volatile Blastmotes   Fire/Tloc      22%        2d11      24%         3

Your spell library contained the following spells:

 Spells                   Type           Power      Damage    Failure   Level
 Summon Small Mammal      Summ           8%         N/A       26%         1
 Ignite Poison            Fire/Tmut/Pois 9%         N/A       34%         3
 Cigotuvi's Dreadful Rot  Necr/Pois/Air  4%         N/A       36%         2
 Call Canine Familiar     Summ           2%         N/A       61%         3
 Dazzling Flash           Conj/Hex       4%         N/A       61%         3
 Portal Projectile        Hex/Tloc       4%         N/A       61%         3
 Summon Guardian Golem    Hex/Summ       2%         N/A       61%         3
 Leda's Liquefaction      Hex/Erth       1%         N/A       95%         4
 Freezing Cloud           Conj/Ice/Air   1%         6-21      100%        5
 Plasma Beam              Fire/Air       5%         2x1d16    100%        6
 Starburst                Conj/Fire      5%         6d4       100%        6
 Maxwell's Capacitive Co  Air            1%         ∞         100%        8
 Chain Lightning          Conj/Air       1%         3d1       100%        9
 Fire Storm               Conj/Fire      5%         8d2       100%        9
 Shatter                  Erth           1%         3d5*      100%        9


Dungeon Overview and Level Annotations

Branches:
Dungeon (12/15)            Temple (1/1) D:4            Lair (5/5) D:10
  Swamp (0/4) Lair:3       Spider (0/4) Lair:3        Slime (0/5) Lair:5
    Orc (2/2) D:10            Elf (0/3) Orc:2        Bailey (visited)
Gauntlet (visited)

Altars:
Ashenzari
Cheibriados
Dithmenos
Fedhas
Gozag
Hepliaklqana
Kikubaaqudgha
Makhleb
Nemelex Xobeh
Okawaru
Qazlal
Ru
Sif Muna
Trog
Uskayaw
Vehumet
Wu Jian
Xom
Yredelemnul
Jiyva

Shops:
D:5 *   D:8 [   D:9 [?=[[   Orc:2 *

Portals:
Hell: Lair:5

Annotations:
D:7 2 runed translucent doors
Lair:1 1 runed translucent door, Shayle's ghost, journeyman GnSh
Lair:5 1 runed translucent door
Orc:2 Saint Roka


Innate Abilities, Weirdness & Mutations

You are a hulking beast.
Your limbs bulge with bestial killing power. (Slay +7)
You have a pair of small antennae on your head.
You sometimes gain power by taking damage.
Spells you cast may paralyse nearby enemies.
You have a sharp stinger which inflicts weakening toxins.
Your touch may irresistibly damage your foes and sap their willpower.


Message History

Things that are here:
a +0 long sword; a +0 leather armour You hit the orc knight but do no damage.
Flame seeps out of the orc knight.
You tail-slap the orc knight.
The orc knight looks weaker.
The orc knight is almost dead.
An orc warrior comes into view. It is wielding a +0 mace.
The orc knight is engulfed in blazing flames.
Flame seeps out of the orc knight.
The orc knight roars a battlecry!
The orc wizard goes into a battle-frenzy!
You spin and attack Saint Roka.
You hit Saint Roka.
Flame seeps out of Saint Roka.
Saint Roka is severely wounded.
You spin and attack the orc knight.
You punch the orc knight! The Council accepts your kill.
The orc knight explodes!
The fiery explosion engulfs you! You resist.
The fiery explosion engulfs Saint Roka!!
Flame seeps out of Saint Roka.
Saint Roka is severely wounded.
You hear a howl!
The orc no longer looks unusually strong.
An orc warrior comes into view. It is wielding a +0 long sword.
The orc sorcerer points at you and mumbles some strange words.
The bolt of negative energy misses you. Saint Roka closely misses you.
Things that are here:
a +0 dagger; a +0 robe You take 6 damage, and have 42/121 hp.
You now have 7/22 mp.
You punch Saint Roka!
Flame seeps out of Saint Roka.
Saint Roka is almost dead.
The orc no longer looks unusually strong.
The orc priest no longer looks unusually strong.
An orc warrior comes into view. It is wielding a +0 scimitar.
The orc high priest is engulfed in blazing flames.
An orc warrior comes into view. It is wielding a +0 long sword.
Saint Roka hits you with a +0 war axe of freezing!!!
* * * LOW HITPOINT WARNING * * *
Saint Roka freezes you!!
You die...

#..................>......,,,,,,,
..........................,,,,,,,
..........................,,*,,,,
.........$................,,,,,,,
..........................,,,,,,,
#...........).............,,,,,,.
##.............☼☼°°°......,,,,,,.
##...#........☼○§o○○.o....,,,,,,.
###.#..####..#☼○h°§#..####,,,,,,,
##.....#∩o####8☼§§8####,∩*,,,,,,,
##.....#o..**#§§o§§#**,,,*,,,,,**
#......##..,*#§§T☼☼#*,,,**,,,,,,*
........##.,,#oooTo#,,,**,,,,,,**
.......####,...oo.o.,,***,,,,,,*
......######.....o.o.*****,,*,**
.........8..........oo,8,,,****
...........,,,,,,,,,,,,,,,,,*


You could see Saint Roka (inner flame, strong), an orc high priest (strong), 2
trolls, an orc sorcerer (strong), 6 orc warriors, an orc priest, an orc wizard
(strong) and 3 orcs.

Vanquished Creatures
  Kirke (D:12)
  2 minotaurs
  An ettin (Orc:1)
  A green death (Gauntlet)
  Josephine (D:12)
  3 hydras (Lair:5)
  2 catoblepae
  Erica (D:8)
  7 two-headed ogres
  4 death yaks (Lair:5)
  A boulder beetle (D:12)
  An orc high priest (Orc:2)
  A sun demon (Lair:5)
  Nergalle (D:11)
  A skyshark (Lair:5)
  5 skeletal warriors
  A bog body (Lair:3)
  2 lindwurms (Lair:4)
  A wizard (Lair:5)
  4 orc knights
  A deep elf pyromancer (D:12)
  A manticore (D:10)
  A cyclops (D:12)
  9 elephants
  4 black mambas
  5 cane toads
  5 orange demons
  7 rime drakes
  2 unseen horrors
  13 komodo dragons
  Maggie (D:7)
  2 ice devils
  A kobold demonologist (D:12)
  A red devil (Lair:5)
  A polar bear (Lair:2)
  9 trolls
  A meliai (Lair:3)
  A hellwing (Lair:5)
  Prince Ribbit (D:9)
  2 hornets
  9 blink frogs
  Grinder (D:5)
  A spriggan (Lair:2)
  4 shadows
  4 slime creatures (D:12)
  5 wraiths
  41 yaks
  4 hogs (D:12)
  3 wyverns
  4 basilisks
  A human (D:12)
  3 steam dragons
  8 vampire mosquitoes
  A warg (Orc:2)
  5 hell hounds (Lair:5)
  16 water moccasins
  12 orc warriors
  An ice beast (D:5)
  A black bear (Lair:2)
  2 ogres
  6 centaurs
  8 wolves
  A kobold brigand (D:9)
  Blork the orc (D:6)
  14 bullfrogs
  3 scorpions
  11 wights
  10 killer bees
  5 electric eels (Lair:3)
  6 howler monkeys
  3 lava snakes (Lair:3)
  3 jellies
  4 hounds
  2 gnoll boudas
  3 sleepcaps
  8 orc priests
  3 iguanas
  17 orc wizards
  10 gnolls
  7 adders
  A white imp (D:8)
  2 ufetubi
  3 worms
  3 dart slugs
  37 orcs
  8 ball pythons
  2 bat zombies (D:4)
  9 endoplasms
  4 giant cockroaches
  14 goblins
  13 hobgoblins
  9 jackals
  20 kobolds
  6 quokkas
  4 bats
  A frilled lizard (D:1)
  4 rats
500 creatures vanquished.

Vanquished Creatures (others)
  A wight (D:8)
  2 howler monkeys (D:12)
  An orc wizard (D:6)
  8 foxfires
12 creatures vanquished.

Grand Total: 512 creatures vanquished

Notes
Turn   | Place    | Note
-------+----------+-------------------------------------------
     0 | D:1      | Ofeo the Demonspawn Shapeshifter began the quest for the
                  | Orb.
     0 | D:1      | Reached XP level 1. HP: 15/15 MP: 1/1
   161 | D:1      | Reached skill level 2 in Dodging
   167 | D:1      | Gained mutation: You sometimes gain a little power by
                  | taking damage. [demonic ancestry]
   167 | D:1      | Reached XP level 2. HP: 21/21 MP: 2/2
   808 | D:1      | Reached XP level 3. HP: 25/27 MP: 3/3
  1286 | D:2      | Discovered your monstrous ancestry.
  1286 | D:2      | Gained mutation: Your touch may inflict minor irresistible
                  | damage on your foes. [demonic ancestry]
  1286 | D:2      | Reached XP level 4. HP: 22/33 MP: 4/4
  3002 | D:3      | Reached skill level 3 in Dodging
  3002 | D:3      | Gained mutation: You have a small tail. [demonic ancestry]
  3002 | D:3      | Reached XP level 5. HP: 37/39 MP: 5/5
  3531 | D:4      | Found a shadowy altar of Dithmenos.
  3574 | D:4      | Identified the +3 leather armour of Melancholy {rElec}
  3759 | D:4      | Gained mutation: You have a tail ending in a sharp stinger.
                  | [demonic ancestry]
  3759 | D:4      | Reached XP level 6. HP: 47/47 MP: 6/6
  3905 | D:4      | Found a blossoming altar of Fedhas.
  4193 | D:4      | Found an ancient bone altar of Kikubaaqudgha.
  4243 | D:4      | Found a staircase to the Ecumenical Temple.
  4542 | Temple   | Entered the Ecumenical Temple
  4578 | D:5      | Entered Level 5 of the Dungeon
  4583 | D:5      | Reached skill level 4 in Dodging
  4719 | D:5      | Reached XP level 7. HP: 54/54 MP: 7/7
  4946 | D:5      | Found Jiskent's Assorted Antiques.
  4958 | D:5      | Bought a dented fluorescent amulet for 120 gold pieces
  4963 | D:5      | Bought a sedimented grey potion for 21 gold pieces
  4963 | D:5      | Bought a scroll labelled ITREHO PEGAPHY for 24 gold pieces
  4963 | D:5      | Bought a scroll labelled SOTHERHEOTO UNODD for 24 gold
                  | pieces
  4963 | D:5      | Identified a scroll of acquirement
  4963 | D:5      | Acquired a manual of Dodging
  5048 | D:5      | Noticed Grinder
  5048 | D:5      | Paralysed by Grinder for 3 turns
  5055 | D:5      | Killed Grinder
  5056 | D:5      | Reached skill level 5 in Dodging
  5188 | D:5      | Reached skill level 5 in Fighting
  5214 | D:5      | Gained mutation: Spells you cast may paralyse adjacent
                  | enemies. [demonic ancestry]
  5214 | D:5      | Reached XP level 8. HP: 49/62 MP: 6/8
  5716 | D:6      | Noticed Blork the orc
  5721 | D:6      | Killed Blork the orc
  5722 | D:6      | Reached skill level 6 in Dodging
  5723 | D:6      | Found an opulent altar of Gozag.
  5826 | D:6      | Reached skill level 5 in Shapeshifting
  6156 | D:6      | Reached skill level 7 in Dodging
  6359 | D:7      | Found a snail-covered altar of Cheibriados.
  6414 | D:7      | Found a flagged portal.
  6430 | Bailey   | Entered a bailey
  6545 | Bailey   | Gained mutation: You sometimes gain power by taking damage.
                  | [demonic ancestry]
  6545 | Bailey   | Reached XP level 9. HP: 63/71 MP: 9/9
  6553 | Bailey   | Noticed an orc knight
  6558 | Bailey   | Reached skill level 8 in Dodging
  6564 | Bailey   | Killed an orc knight
  6968 | D:7      | Reached skill level 9 in Dodging
  7075 | D:7      | Noticed a troll
  7083 | D:7      | Killed a troll
  7088 | D:7      | Noticed a two-headed ogre
  7102 | D:7      | Killed a two-headed ogre
  7103 | D:7      | Reached skill level 10 in Dodging
  7111 | D:7      | Noticed a troll
  7120 | D:7      | Killed a troll
  7121 | D:7      | Gained mutation: Spells you cast may paralyse nearby
                  | enemies. [demonic ancestry]
  7121 | D:7      | Reached XP level 10. HP: 23/82 MP: 5/10
  7365 | D:7      | Identified the +1 shortbow "Beastbane" {heavy, Dex+4}
  7467 | D:7      | Found a runed translucent door.
  7515 | D:7      | Found a runed translucent door.
  7515 | D:7      | Noticed a gargoyle
  7515 | D:7      | Noticed a manticore
  7772 | D:7      | Found a shimmering blue altar of Sif Muna.
  7815 | D:7      | Noticed Maggie
  7824 | D:7      | Killed Maggie
  8231 | D:8      | Reached skill level 11 in Dodging
  8645 | D:8      | Noticed Erica
  8654 | D:8      | Killed Erica
  8741 | D:8      | Found Fueghi's Antique Armour Shoppe.
  9065 | D:8      | Bought the +3 salamander hide armour {Flames, rFlCloud rF++
                  | rC--} for 793 gold pieces
  9065 | D:8      | Found the +3 salamander hide armour {Flames, rFlCloud rF++
                  | rC--}
  9260 | D:9      | Found Obborik's Antique Armour Shoppe.
  9270 | D:9      | Found Tiud's Armour Boutique.
  9270 | D:9      | Noticed an animated shadow dragon scales
  9271 | D:9      | Noticed an animated gold dragon scales
  9371 | D:9      | Reached skill level 12 in Dodging
  9405 | D:9      | Found Jesu's Magic Scroll Emporium.
  9408 | D:9      | Bought a scroll of enchant weapon for 90 gold pieces
  9408 | D:9      | Bought a scroll of teleportation for 36 gold pieces
  9408 | D:9      | Bought a scroll of fear for 48 gold pieces
  9469 | D:9      | Found Kuodyat's Jewellery Emporium.
  9482 | D:9      | Found a bloodstained altar of Trog.
  9483 | D:9      | Found a shimmering altar of Xom.
  9508 | D:9      | Found a stormy altar of Qazlal.
  9613 | D:9      | Reached skill level 10 in Fighting
  9613 | D:9      | Gained mutation: You have a sharp stinger which inflicts
                  | weakening toxins. [demonic ancestry]
  9613 | D:9      | Reached XP level 11. HP: 88/90 MP: 11/11
  9800 | D:9      | Noticed Prince Ribbit
  9806 | D:9      | Killed Prince Ribbit
  9836 | D:9      | Found Niohius's Antique Armour Shop.
  9908 | D:10     | Entered Level 10 of the Dungeon
  9948 | D:10     | Noticed a two-headed ogre
  9967 | D:10     | Noticed a two-headed ogre
  9971 | D:10     | Killed a two-headed ogre
  9977 | D:10     | Killed a two-headed ogre
 10178 | D:10     | Found an ornate altar of the Wu Jian Council.
 10299 | D:10     | Became a worshipper of the Wu Jian Council
 10361 | D:10     | Found a hide-covered altar of Uskayaw.
 10387 | D:10     | Found a staircase to the Lair.
 10414 | D:10     | Found an iron altar of Okawaru.
 10597 | D:10     | Found a sacrificial altar of Ru.
 10858 | D:10     | Found a staircase to the Orcish Mines.
 11305 | D:10     | Noticed a two-headed ogre
 11310 | D:10     | Killed a two-headed ogre
 11605 | D:11     | Noticed a two-headed ogre
 11608 | D:11     | Killed a two-headed ogre
 11717 | D:11     | Noticed Nergalle
 11724 | D:11     | Killed Nergalle
 11767 | D:11     | Found a gate leading to a gauntlet.
 11784 | Gauntlet | Entered a Gauntlet
 11784 | Gauntlet | Found a transporter.
 11786 | Gauntlet | Noticed a blizzard demon
 11787 | Gauntlet | Found a transporter.
 11800 | Gauntlet | Found a transporter.
 11817 | Gauntlet | Found a transporter.
 11819 | Gauntlet | Found a large runed translucent door.
 11819 | Gauntlet | Found a large runed translucent door.
 11842 | Gauntlet | Found a large runed translucent door.
 11842 | Gauntlet | Found a large runed translucent door.
 11843 | Gauntlet | Found a large runed translucent door.
 11843 | Gauntlet | Found a large runed translucent door.
 11843 | Gauntlet | Found a runed translucent door.
 11843 | Gauntlet | Found a runed translucent door.
 11844 | Gauntlet | Found a large runed translucent door.
 11866 | Gauntlet | Found a transporter.
 11868 | Gauntlet | Found a transporter.
 11871 | Gauntlet | Found a large runed translucent door.
 11871 | Gauntlet | Found a large runed translucent door.
 11872 | Gauntlet | Found a large runed translucent door.
 11873 | Gauntlet | Found a large runed translucent door.
 11874 | Gauntlet | Found a large runed translucent door.
 11874 | Gauntlet | Found a large runed translucent door.
 11875 | Gauntlet | Found a runed translucent gate.
 11875 | Gauntlet | Found a runed translucent gate.
 11875 | Gauntlet | Found a runed translucent gate.
 11877 | Gauntlet | Found a transporter.
 11877 | Gauntlet | Noticed a green death
 11881 | Gauntlet | Found a transporter.
 11886 | Gauntlet | Found a large runed translucent door.
 11887 | Gauntlet | Found a large runed translucent door.
 11888 | Gauntlet | Found a large runed translucent door.
 11905 | Gauntlet | Noticed a green death
 11905 | Gauntlet | Found the dreamshard necklace {Acrobat *Dream}
 11912 | Gauntlet | Noticed a wolf spider
 11913 | Gauntlet | Noticed an entropy weaver
 11916 | Gauntlet | Found a transporter.
 11933 | Gauntlet | Found a transporter.
 11937 | Gauntlet | Noticed a necromancer
 11941 | Gauntlet | Found a transporter.
 11945 | Gauntlet | Found a transporter.
 11946 | Gauntlet | Noticed a death yak
 11947 | Gauntlet | Noticed a death yak
 11952 | Gauntlet | Noticed a death yak
 12192 | Gauntlet | Killed a green death
 12193 | Gauntlet | Reached skill level 13 in Dodging
 12341 | Gauntlet | Learned a level 1 spell: Foxfire
 12345 | Gauntlet | Learned a level 3 spell: Volatile Blastmotes
 12392 | Gauntlet | Noticed a minotaur
 12397 | Gauntlet | Killed a minotaur
 12402 | Gauntlet | Identified the +1 demon whip of the Glimmering Goat {spect,
                  | rElec}
 12485 | D:11     | Gained mutation: You have a pair of small antennae on your
                  | head. [demonic ancestry]
 12485 | D:11     | Reached XP level 12. HP: 99/100 MP: 12/12
 12558 | D:11     | Noticed a two-headed ogre
 12565 | D:11     | Killed a two-headed ogre
 12821 | D:11     | Reached * piety under Wu Jian
 14029 | D:12     | Noticed a two-headed ogre
 14033 | D:12     | Noticed Josephine
 14050 | D:12     | Killed a two-headed ogre
 14238 | D:12     | Reached skill level 10 in Shapeshifting
 14303 | D:12     | Noticed a boulder beetle
 14312 | D:12     | Killed a boulder beetle
 14445 | D:12     | Reached ** piety under Wu Jian
 14448 | D:12     | Killed Josephine
 14449 | D:12     | Reached skill level 14 in Dodging
 14735 | D:12     | Noticed Kirke
 14753 | D:12     | Killed Kirke
 14851 | D:12     | Found a shimmering altar of Xom.
 15068 | D:12     | Acquired 916 gold pieces
 15134 | Lair:1   | Entered Level 1 of the Lair of Beasts
 15137 | Lair:1   | Gained mutation: Your touch may inflict irresistible damage
                  | on your foes. [demonic ancestry]
 15137 | Lair:1   | Reached XP level 13. HP: 111/111 MP: 13/13
 15343 | Lair:1   | Reached skill level 1 in Stealth
 15621 | Lair:1   | Reached skill level 1 in Fire Magic
 15633 | Lair:1   | Found a runed translucent door.
 15633 | Lair:1   | Found a shimmering altar of Xom.
 15633 | Lair:1   | Noticed Shayle's ghost (journeyman GnSh)
 15648 | Lair:1   | Reached skill level 1 in Spellcasting
 17231 | Lair:3   | Found a hole to the Spider Nest.
 17496 | Lair:3   | Found a staircase to the Swamp.
 17516 | Lair:3   | Reached *** piety under Wu Jian
 19583 | Lair:4   | Reached **** piety under Wu Jian
 19660 | Lair:4   | Found a runed translucent door.
 19948 | Lair:4   | Noticed a minotaur
 19963 | Lair:4   | Killed a minotaur
 20285 | Lair:5   | Entered Level 5 of the Lair of Beasts
 20293 | Lair:5   | Gained mutation: Your touch may irresistibly damage your
                  | foes and sap their willpower. [demonic ancestry]
 20293 | Lair:5   | Reached XP level 14. HP: 118/119 MP: 20/20
 20343 | Lair:5   | Reached skill level 5 in Stealth
 20692 | Lair:5   | Reached skill level 15 in Dodging
 20700 | Lair:5   | Reached skill level 5 in Spellcasting
 21054 | Lair:5   | Found a runed translucent door.
 21054 | Lair:5   | Found a viscous altar of Jiyva.
 21054 | Lair:5   | Found a staircase to the Slime Pits.
 21197 | Lair:5   | Reached skill level 5 in Fire Magic
 21608 | Lair:5   | Reached ***** piety under Wu Jian
 21610 | Lair:5   | Found a burning altar of Makhleb.
 21627 | Lair:5   | HP: 6/120 [hell hound/blast of flame (7)]
 22052 | Lair:5   | Found a gateway to Hell.
 22447 | Orc:1    | Entered Level 1 of the Orcish Mines
 22604 | Orc:2    | Entered Level 2 of the Orcish Mines
 22605 | Orc:2    | Found Anwizidgh's General Store.
 22627 | Orc:2    | Found a staircase to the Elven Halls.
 22638 | Orc:2    | Noticed Saint Roka
 22653 | Orc:2    | Demolished by Saint Roka

Illustrated notes

Levels and vault maps discovered:
D:1:      minmay_arrival_wavy_path, layout_basic
D:2:      minmay_angry_zag, layout_loops_ring, uniq_crazy_yiuf_cottage
D:3:      layout_basic, hangedman_glass_teeth, wad_orctagon
D:4:      layout_basic, lemuel_zombie_altar_kikubaaqudgha,
          mainiacjoe_overflow_surrounded_room,
          nicolae_dithmenos_through_a_glass_darkly,
          minmay_temple_entry_drinking_statues
D:5:      layout_basic, serial_shops, nicolae_shop_tiny_statue_garden,
          grunt_decor_arrowhead, minivault_23, minmay_stone_trees_small,
          kennysheep_boxes, uniq_grinder
D:6:      layout_rooms, grunt_gozag_statues, uniq_blork_the_orc
D:7:      minmay_the_grid_four_pointed_star
          [minmay_the_grid_triangle_9x9_odd_lines,
          minmay_the_grid_triangle_9x9_dagger,
          minmay_the_grid_triangle_9x9_tough_junction,
          minmay_the_grid_triangle_9x9_windchime,
          minmay_the_grid_prize_inner_circle], layout_rooms,
          cheibriados_altar_1, lemuel_blue_sif_altar, enter_bailey_5,
          uniq_maggie
D:8:      layout_rooms, serial_shops, nicolae_shop_statue_plus, uniq_erica
D:9:      layout_loops_ring, kennysheep_mini, mainiacjoe_overflow_divided_tiny,
          serial_shops, nicolae_shop_mannequins, shop, shop, shop,
          nicolae_shop_rolled_up, minivault_16, uniq_prince_ribbit1
D:10:     layout_layer_cave, nicolae_overflow_crystal_walls, old_standard_altar,
          mainiacjoe_overflow_catwalk, nicolae_ru_awakened_eye,
          kennysheep_generic_room_11
D:11:     layout_irregular_city, gauntlet_entry_generic, minmay_hedge_maze,
          uniq_nergalle
D:12:     layout_basic, xom_teletrap_fun, uniq_kirke, uniq_josephine
Temple:   nicolae_temple_ecumenical_triangle
Lair:1:   layout_gridlike, ebering_ghost_xom
Lair:2:   layout_gridlike, fungi_pond_lemuel, grunt_forest_stairs_clearing
Lair:3:   layout_loops_ring, skrybe_swamp_entry_bodies,
          hellmonk_spider_entry_not_the_bees, nicolae_lair_liquid_snakes
Lair:4:   dreamdust_labyrinth, layout_misc_corridors, nicolae_lair_lindhole
Lair:5:   evil_forest, layout_long_grid, slime_entry_2, grunt_megastairs_5,
          infiniplex_staircase_pool_2
Orc:1:    layout_caves, portal_ice_cave_rime
Orc:2:    grunt_orc_cross, layout_diamond_mine, serial_shops,
          nicolae_shop_real_fake_doors

Skill      XL: |  1  2  3  4  5  6  7  8  9 10 11 12 13 14 |
---------------+-------------------------------------------+-----
Dodging        | 2 3 4 5 7 10 12 13 14 15 | 15.2
Unarmed Combat | 3 |  3.7
Fighting       | 2 3 4 5 6 8 10 11 13 14 | 14.4
Shapeshifting  | 3 4 5 6 8 9 10 | 10.3
Stealth        | 4 6 |  6.2
Fire Magic     | 4 5 |  5.8
Spellcasting   | 4 5 |  5.8

Action                     |  1- 3 |  4- 6 |  7- 9 | 10-12 | 13-15 || total
---------------------------+-------+-------+-------+-------+-------++-------
  Melee: Unarmed           |   121 |   160 |   196 |   290 |   358 ||  1125
         Punch             |     1 |     4 |     9 |    10 |    14 ||    38
         Touch             |       |    33 |    36 |    72 |    92 ||   233
         Tailslap          |       |    11 |    28 |    63 |    89 ||   191
   Cast: Foxfire           |       |       |       |     2 |     3 ||     5
 Invoke: Serpent's Lash    |       |       |       |       |     1 ||     1
Ability: Lunge             |       |       |       |    32 |    59 ||    91
         Whirlwind         |       |       |       |     4 |    28 ||    32
         Wall Jump         |       |       |       |     1 |       ||     1
  Evoke: Phial of floods   |       |       |       |     1 |       ||     1
    Use: Scroll            |       |       |    21 |     6 |     6 ||    33
         Potion            |       |       |     1 |     1 |     1 ||     3
   Stab: Invisible         |       |       |       |     1 |       ||     1
         Sleeping          |       |       |       |     1 |     4 ||     5
         Petrifying        |       |       |       |       |     1 ||     1
         Petrified         |       |       |       |       |     1 ||     1
         Distracted        |       |       |       |       |     2 ||     2
 Armour: Chain mail        |    57 |    45 |       |       |       ||   102
         Animal skin       |     5 |       |       |       |       ||     5
         Leather armour    |       |    11 |       |    33 |    67 ||   111
         Scale mail        |       |    10 |   104 |    51 |       ||   165
  Dodge: Dodged            |    53 |    86 |   138 |   220 |   271 ||   768
   Form: Statue            |       |       |       |     1 |       ||     1
         Beast             |       |       |       |     1 |       ||     1

Table legend: (Time is in decaauts)
 A = Elapsed time spent in this place.
 B = Non-inter-level travel time spent in this place.
 C = Inter-level travel time spent in this place.
 D = Time resting spent in this place.
 E = Time spent auto-exploring this place.
 F = Levels seen in this place.
 G = Mean time per level.
                   A        B        C        D        E       F      G
               +--------+--------+--------+--------+--------+-----+--------+
         Total |  22619 |  21789 |    830 |   2902 |  15070 |  22 | 1028.1 |
       Dungeon |  14055 |  13552 |    503 |   1369 |   9914 |  12 | 1171.2 |
        Temple |     25 |     17 |      8 |      0 |      0 |   1 |   25.0 |
          Lair |   7267 |   6971 |    296 |   1237 |   4841 |   5 | 1453.4 |
  Orcish Mines |    204 |    182 |     22 |      0 |      0 |   2 |  102.0 |
        Bailey |    437 |    437 |      0 |    130 |     93 |   1 |  437.0 |
      Gauntlet |    628 |    628 |      0 |    166 |    222 |   1 |  628.0 |
               +--------+--------+--------+--------+--------+-----+--------+

Top non-repeatable levels by time:
  Lair:5: 1976 daAuts
  Lair:3: 1911 daAuts
    D:11: 1786 daAuts
    D:10: 1676 daAuts
     D:7: 1488 daAuts
     D:3: 1478 daAuts
  Lair:2: 1213 daAuts
  Lair:4: 1199 daAuts
    D:12: 1185 daAuts
     D:1: 1056 daAuts
     D:4: 1026 daAuts
     D:5: 983 daAuts
     D:2: 972 daAuts
  Lair:1: 966 daAuts
     D:8: 874 daAuts
